 Dungeon Crawl Stone Soup version 0.20-a0-1073-g49e0d3e (webtiles) character file.

38 Eptagon the Sneak (level 3, -6/19 HPs)
             Began as a Gargoyle Enchanter on Apr 29, 2017.
             Mangled by Crazy Yiuf
             ... wielding a +2 quarterstaff of chaos
              (10 damage)
             ... on level 3 of the Dungeon.
             The game lasted 00:04:11 (1896 turns).

Eptagon the Sneak (Gargoyle Enchanter)              Turns: 1896, Time: 00:04:12

Health: -6/19      AC:  6    Str: 11    XL:     3   Next: 43%
Magic:  4/6        EV: 12    Int: 15    God:
Gold:   115        SH:  0    Dex: 11    Spells: 4/7 levels left

rFire    . . .     SeeInvis .   a - +1 dagger
rCold    . . .     Gourm    .   (no shield)
rNeg     + . .     Faith    .   f - +0 robe
rPois    ∞         Spirit   .   e - +0 hat
rElec    +         Reflect  .   (no cloak)
rCorr    .         Harm     .   (no gloves)
MR       .....                  n - +0 pair of boots
Stlth    ++........             (no amulet)
Regen    0.1/turn               (no ring)
MPRegen  0.1/turn               (no ring)

@: no status effects
A: negative energy resistance 1, electricity resistance, unbreathing,
petrification resistance, rot immunity, AC +3
a: no special abilities


You were on level 3 of the Dungeon.
You were hungry.

You visited 1 branch of the dungeon, and saw 3 of its levels.

You collected 115 gold pieces.

Inventory:

Hand Weapons
 a - a +1 dagger (weapon)
 b - a +0 flail
Armour
 e - a +0 hat (worn)
 f - a +0 robe (worn)
 n - a +0 pair of boots (worn)
Wands
 o - a wand of flame (17/48)
Scrolls
 g - 2 scrolls of teleportation
 h - a scroll of immolation {unknown}
 i - a scroll of magic mapping {unknown}
 j - a scroll of identify {unknown}
 r - 3 scrolls of blinking {unknown}
 t - a scroll of fog {unknown}
 u - a scroll of remove curse
Potions
 k - a potion of curing {unknown}
 l - 2 potions of ambrosia {unknown}
 m - a potion of brilliance {unknown}
 p - a potion of degeneration {unknown}
 s - 2 potions of invisibility {unknown}
Books
 c - a book of Maledictions

   Spells                             Type                      Level
   a - Corona                         Hexes                        1
   b - Ensorcelled Hibernation        Hexes/Ice                    2
   c - Confuse                        Hexes                        3
   d - Tukima's Dance                 Hexes                        3
   e - Dazzling Spray                 Conjuration/Hexes            3
Comestibles
 d - 2 bread rations
 q - 3 fruits


   Skills:
 - Level 0.8 Short Blades
 - Level 1.5 Dodging
 + Level 3.7 Stealth
 + Level 2.5 Spellcasting
 + Level 3.3 Hexes


You had 4 spell levels left.
You knew the following spells:

 Your Spells              Type           Power        Failure   Level  Hunger
a - Corona                Hex            ##.....      5%          1    #......
b - Ensorcelled Hibernat  Hex/Ice        #.....       16%         2    ###....


Dungeon Overview and Level Annotations

Branches:
Dungeon (3/15)

Altars:

Annotations:
D:3 Crazy Yiuf


Innate Abilities, Weirdness & Mutations

You are resistant to torment.
Your stone body is resilient. (AC +3)
You are immune to poison.
You resist negative energy. (rN+)
You are resistant to electric shocks. (rElec)
You can survive without breathing.
You are immune to petrification.
You are immune to rotting.


Message History

Crazy Yiuf the Enlightened comes into view.
He is wielding a quarterstaff of chaos.
Found a mace.
There is an open door here.
The helpless Crazy Yiuf fails to defend himself.
You puncture Crazy Yiuf!
Crazy Yiuf is severely wounded.
Crazy Yiuf hits you with a quarterstaff of chaos!
Space bends around you.
* * * LOW HITPOINT WARNING * * *
There is an open door here.
Casting: Ensorcelled Hibernation
Confirm with . or Enter, or press ? or * to list all spells.
Aiming: Ensorcelled Hibernation
Press: ? - help, Shift-Dir - straight line, f - Crazy Yiuf
Aim: Crazy Yiuf, wielding a quarterstaff of chaos and wearing a cloak (severely wounded, chance to defeat MR: 47%) Crazy Yiuf resists with some effort.
Crazy Yiuf laughs, "Line song blue!"
Crazy Yiuf hits you with a quarterstaff of chaos!
Ouch! That really hurt!
You die...

##.......# #.#
##....)..####.###
##.......#......#
#...#.##########
##.....# .......#
#......##♣♣ #####
#.####....♣♣ ♣♣#..)#
.........P.♣♣♣♣.@g..#
#..##....P..♣..♣#...#
##..<......♣.♣♣♣#####
+.....##♣♣♣♣♣ #.#...#
#......# .......


You could see Crazy Yiuf.

Vanquished Creatures
  A worm (D:2)
  2 dart slugs
  2 leopard geckos (D:2)
  4 bats (D:1)
  A goblin (D:1)
  4 hobgoblins
  4 kobolds
  A quokka (D:2)
  A ball python (D:1)
  2 frilled lizards
  7 rats
29 creatures vanquished.

Notes
Turn   | Place    | Note
-------+----------+-------------------------------------------
     0 | D:1      | Eptagon the Gargoyle Enchanter began the quest for the Orb.
     0 | D:1      | Reached XP level 1. HP: 10/10 MP: 3/3
   305 | D:1      | Reached XP level 2. HP: 10/15 MP: 5/5
   426 | D:1      | Learned a level 2 spell: Ensorcelled Hibernation
  1295 | D:2      | Reached XP level 3. HP: 18/19 MP: 6/6
  1885 | D:3      | Found a runed door.
  1889 | D:3      | Noticed Crazy Yiuf
  1896 | D:3      | Mangled by Crazy Yiuf

Vault maps used:
D:1:      ncdulo_lavacross
D:2:      first_bread, minmay_pentomino_r4
D:3:      cheibrodos_greedy_goblins, uniq_crazy_yiuf_cottage, uniq_purgy,
          uniq_jessica, uniq_ijyb

Skill      XL: |  1  2 |
---------------+-------+-----
Hexes          | 3 |  3.3
Short Blades   | |  0.8
Dodging        | |  1.5
Stealth        | |  3.7
Spellcasting   | |  2.5

Action                   || total
-------------------------++-------
Melee: Dagger            ||    64
       Mace              ||    36
 Cast: Corona            ||     1
       Ensorcelled Hiber ||     7
  Use: Scroll            ||     3
 Stab: Sleeping          ||     9
  Eat: Chunk             ||     3
Armor: Robe              ||    36
Dodge: Dodged            ||    66
